 Dungeon Crawl Stone Soup version 0.30-a0-883-g5ad918d77d (webtiles) character file.

Game seed: 4252172433058177594

5153 Grim the Fighter (level 10, -2/94 HPs)
             Began as a Minotaur Berserker on Mar 15, 2023.
             Was a Priest of Trog.
             Slain by a spriggan
             ... wielding a +0 spear
              (13 damage)
             ... in a bailey.
             The game lasted 00:15:21 (6495 turns).

Grim the Fighter (Minotaur Berserker)               Turns: 6495, Time: 00:15:22

Health: -2/94      AC: 14    Str: 23    XL:     10   Next: 33%
Magic:  9/9        EV:  9    Int:  4    God:    Trog [***...]
Gold:   570        SH:  0    Dex: 19    Spells: 9/9 levels left

rFire   . . .      SeeInvis .    a - +0 war axe
rCold   . . .      Faith    .    (no shield)
rNeg    . . .      Spirit   .    m - +0 chain mail
rPois   +          Reflect  .    (helmet restricted)
rElec   .          Rampage  .    i - +0 cloak
rCorr   .                        D - +0 pair of gloves
Will    .....                    n - +1 pair of boots Stlth
                                 s - amulet of regeneration
HPRegen 1.15/turn                H - ring of poison resistance
MPRegen 0.11/turn                x - +6 ring of dexterity

@: very slow
A: horns 2, retaliatory headbutt
a: Renounce Religion, Berserk, Trog's Hand


You were in a bailey.
You worshipped Trog.
Trog was most pleased with you.
You visited 1 branch of the dungeon, and saw 7 of its levels.
You also visited: Ossuary and Bailey.

You collected 570 gold pieces.

Inventory:

Hand Weapons
 a - a +0 war axe (weapon)
 b - a +0 sling
 Q - a +2 morningstar of flaming
 T - a +0 hand axe
Missiles
 G - 2 throwing nets
Armour
 i - a +0 cloak (worn)
 m - a +0 chain mail (worn)
 n - a +1 pair of boots (worn)
 D - a +0 pair of gloves (worn)
 R - +0 swamp dragon scales
Jewellery
 k - a ring of ice
 q - an amulet of guardian spirit
 s - an amulet of regeneration (around neck)
 x - a +6 ring of dexterity (right hand)
 H - a ring of poison resistance (left hand)
 K - a +4 ring of protection
Wands
 y - a wand of paralysis (11)
 S - a wand of digging (5)
Scrolls
 c - 8 scrolls of identify {unknown}
 e - 6 scrolls of noise
 f - 2 scrolls of immolation
 g - 7 scrolls of teleportation {unknown}
 l - 2 scrolls of enchant weapon {unknown}
 t - 4 scrolls of silence {unknown}
 v - 3 scrolls of fear {unknown}
 B - 5 scrolls of fog {unknown}
 C - a scroll of vulnerability {unknown}
 E - a scroll of amnesia {unknown}
 F - 3 scrolls of enchant armour {unknown}
 J - a scroll of poison {unknown}
 N - 2 scrolls of blinking {unknown}
 O - a scroll of butterflies {unknown}
 P - a scroll of magic mapping {unknown}
Potions
 d - 3 potions of attraction {unknown}
 h - 2 potions of heal wounds {unknown}
 j - 2 potions of magic {unknown}
 o - 2 potions of mutation {!q}
 p - 4 potions of ambrosia {unknown}
 r - 7 potions of degeneration {!q}
 u - 2 potions of lignification {unknown}
 w - 4 potions of flight {unknown}
 z - a potion of curing {unknown}
 A - 2 potions of berserk rage {unknown}
 I - a potion of haste {unknown}
 L - 2 potions of resistance {unknown}
 M - 3 potions of invisibility {unknown}


   Skills:
 - Level 10.5 Fighting
 - Level 10.0 Axes
 + Level 10.2 Ranged Weapons
 + Level 5.9 Armour
 - Level 2.1 Dodging


You had 9 spell levels left.
You didn't know any spells.
Your spell library was empty.

Dungeon Overview and Level Annotations

Branches:
Dungeon (7/15)             Temple (0/1) D:6         Ossuary (visited)
 Bailey (1/1)

Altars:
Ashenzari
Okawaru
Xom

Shops:
D:1 ?   D:7 ?

Annotations:
D:7 2 transporters, ho4mwr's ghost, novice DEHu


Innate Abilities, Weirdness & Mutations

You have a pair of horns on your head.
You reflexively headbutt those who attack you in melee.


Message History

The ogre hits you with a +0 glaive!
* * * LOW HITPOINT WARNING * * *
The two-headed ogre hits you with a +0 glaive!!
* * * LOW HITPOINT WARNING * * *
The two-headed ogre hits you with a +0 halberd!
* * * LOW HITPOINT WARNING * * *
The ogre hits you from afar with a +0 glaive!
* * * LOW HITPOINT WARNING * * *
The two-headed ogre hits you with a +0 glaive.
* * * LOW HITPOINT WARNING * * *
The two-headed ogre hits you with a +0 halberd.
* * * LOW HITPOINT WARNING * * *
The two-headed ogre misses you.
The two-headed ogre hits you from afar with a +0 halberd.
* * * LOW HITPOINT WARNING * * *
The spriggan closely misses you.
The spriggan hits you from afar with a +0 trident.
* * * LOW HITPOINT WARNING * * *
The spriggan hits you from afar with a +0 trident!
* * * LOW HITPOINT WARNING * * *
The spriggan barely misses you.
A spriggan comes into view. It is wielding a +0 spear.
You feel the effects of Trog's Hand fading.
The spriggan hits you from afar with a +0 trident.
* * * LOW HITPOINT WARNING * * *
The spriggan hits you with a +0 spear!
* * * LOW HITPOINT WARNING * * *
The spriggan hits you but does no damage.
The spriggan closely misses you.
You enter the shallow water.
Moving in this stuff is going to be slow.
Your skin stops crawling.
You feel less strong-willed.
The spriggan hits you from afar with a +0 spear!
* * * LOW HITPOINT WARNING * * *
The spriggan hits you from afar with a +0 spear!
* * * LOW HITPOINT WARNING * * *
The spriggan completely misses you.
The spriggan hits you but does no damage.
The spriggan hits you from afar with a +0 spear!
You die...

#######
###.....###
##.........##
##...........##
#....∩...∩....#
##......)..).##
##......)))##
###~~~~@###
#~~~~~#
##~~~ii##
#.....i.##
#.........##
..#####♣#O.##
.# ♣#..##
##O.## ♣#D.#


You could see a two-headed ogre and 3 spriggans.

Vanquished Creatures
  A two-headed ogre (D:6)
  Pikel (D:5)
  Maggie (D:6)
  A spriggan (Bailey)
  A shadow (D:7)
  3 vampire mosquitoes (D:7)
  Duvessa (D:5)
  2 water moccasins (D:5)
  A sky beast (D:6)
  An ice beast (D:5)
  2 black bears (D:6)
  5 ogres
  A lemure (D:5)
  2 kobold brigands (D:7)
  A gnoll sergeant (D:4)
  A scorpion (D:4)
  Dowan (D:5)
  A centaur zombie (Ossuary)
  2 jellies (D:4)
  4 hounds
  3 gnoll boudas
  3 orc priests
  Crazy Yiuf (D:2)
  A centaur skeleton (D:3)
  5 iguanas
  Natasha (thrice) (D:2)
  7 orc wizards
  A hound zombie (D:3)
  4 mummies
  16 gnolls
  17 adders
  A white imp (D:4)
  An ufetubus (D:7)
  2 adder skeletons (D:3)
  A worm (D:2)
  4 dart slugs
  9 orcs
  6 endoplasms
  3 giant cockroaches
  A gnoll zombie (Ossuary)
  6 hobgoblins
  3 jackals (D:3)
  5 ball pythons
  5 bats
  2 frilled lizards
  A giant cockroach zombie (D:3)
  11 goblins
  4 goblin zombies (Ossuary)
  A hobgoblin zombie (Ossuary)
  A jackal zombie (D:3)
  14 kobolds
  A kobold zombie (Ossuary)
  5 rats
181 creatures vanquished.

Vanquished Creatures (collateral kills)
  A spriggan (Bailey)
  3 ogres (Bailey)
4 creatures vanquished.

Vanquished Creatures (others)
  5 toadstools (D:1)
  A withered plant (D:3)
6 creatures vanquished.

Grand Total: 191 creatures vanquished

Notes
Turn   | Place    | Note
-------+----------+-------------------------------------------
     0 | D:1      | Grim the Minotaur Berserker began the quest for the Orb.
     0 | D:1      | Reached XP level 1. HP: 19/19 MP: 0/0
   139 | D:1      | Found Dimawk's Magic Scroll Shop.
   190 | D:1      | Reached XP level 2. HP: 26/26 MP: 1/1
   817 | D:2      | Found a runed translucent door.
   818 | D:2      | Noticed Crazy Yiuf
   872 | D:2      | Noticed Natasha
   878 | D:2      | Killed Natasha
   879 | D:2      | Reached skill level 5 in Axes
   879 | D:2      | Reached XP level 3. HP: 27/31 MP: 2/2
  1033 | D:2      | Noticed Natasha
  1041 | D:2      | Killed Natasha
  1042 | D:2      | Reached XP level 4. HP: 36/39 MP: 3/3
  1167 | D:2      | Reached ** piety under Trog
  1303 | D:2      | Noticed Natasha
  1313 | D:2      | Killed Natasha
  1314 | D:2      | Reached XP level 5. HP: 31/45 MP: 4/4
  1709 | D:2      | Killed Crazy Yiuf
  2013 | D:3      | Reached XP level 6. HP: 19/51 MP: 5/5
  2177 | D:3      | Found a faded altar of an unknown god.
  2524 | D:3      | Found a broken altar of Ashenzari.
  2857 | D:4      | Reached *** piety under Trog
  2888 | D:4      | Reached XP level 7. HP: 57/57 MP: 6/6
  3168 | D:4      | Reached skill level 10 in Axes
  3187 | D:4      | Reached skill level 1 in Ranged Weapons
  3745 | D:5      | Entered Level 5 of the Dungeon
  3749 | D:5      | Noticed Pikel
  3757 | D:5      | Killed Pikel
  3758 | D:5      | Reached XP level 8. HP: 71/71 MP: 4/7
  3877 | D:5      | Reached skill level 5 in Ranged Weapons
  3895 | D:5      | Noticed Duvessa
  3907 | D:5      | Killed Duvessa
  3910 | D:5      | Noticed Dowan
  3919 | D:5      | Killed Dowan
  4635 | D:6      | Found a staircase to the Ecumenical Temple.
  4696 | D:6      | Reached XP level 9. HP: 81/81 MP: 8/8
  4767 | D:6      | Found a sand-covered staircase.
  4778 | Ossuary  | Entered an ossuary
  4856 | Ossuary  | Reached **** piety under Trog
  5183 | D:6      | Noticed Maggie
  5209 | D:6      | Killed Maggie
  5372 | D:6      | Noticed a two-headed ogre
  5379 | D:6      | Killed a two-headed ogre
  5380 | D:6      | Reached skill level 10 in Fighting
  5720 | D:6      | Found a large runed translucent door.
  5721 | D:6      | Found a large runed translucent door.
  6029 | D:6      | Found an iron altar of Okawaru.
  6053 | D:6      | Found a shimmering altar of Xom.
  6191 | D:7      | Found a transporter.
  6197 | D:7      | Found a transporter.
  6232 | D:7      | Noticed ho4mwr's ghost (novice DEHu)
  6234 | D:7      | Found Oluuchos's Magic Scroll Emporium.
  6270 | D:7      | Reached XP level 10. HP: 89/94 MP: 9/9
  6279 | D:7      | Found a flagged portal.
  6357 | Bailey   | Entered a bailey
  6380 | Bailey   | Reached skill level 5 in Armour
  6392 | Bailey   | Reached skill level 10 in Ranged Weapons
  6467 | Bailey   | Noticed a two-headed ogre
  6495 | Bailey   | Slain by a spriggan

Illustrated notes

Levels and vault maps discovered:
D:1:      dpeg_arrival_tiny_f, layout_loops_ring, serial_shops,
          nicolae_shop_window_shopping, minmay_gold_behind_fungi,
          grunt_decor_arrowhead
D:2:      layout_loops_ring, serial_rivers, chequers_serial_rivers_room_b,
          chequers_serial_rivers_small_a, chequers_serial_rivers_small_a,
          chequers_serial_rivers_small_b, chequers_serial_rivers_marsh,
          uniq_crazy_yiuf_cottage, uniq_natasha
D:3:      layout_loops_ring, cheibrodos_ashenzari_chains, serial_undead,
          serial_undead_e, serial_undead_a, serial_undead_c, serial_undead_b,
          hellmonk_ecumenical_altar_lost_god
D:4:      layout_loops_ring, minmay_starry_boxes
D:5:      layout_cave_pools, uniq_duvessa, uniq_pikel
D:6:      layout_basic, jmf_multi_god_temple2, minmay_temple_entry_stoned_glass,
          gup_ossuary_entry_pyramid, minmay_misc_feat_more_columns,
          minmay_a_box_with_orc_wizards_in_it, uniq_maggie
D:7:      layout_cave_pools, serial_shops, nicolae_shop_hallway_plus,
          nicolae_shop_crystal, nicolae_shop_behind_doors,
          nicolae_inconvenience_store, nicolae_shop_behind_doors,
          gammafunk_ghost_abyssal_escape, enter_bailey_5, minmay_misc_feat_roman
Bailey:   bailey_polearm_enchanted_keep_hellmonk, bailey

Skill      XL: |  1  2  3  4  5  6  7  8  9 10 |
---------------+-------------------------------+-----
Axes           | 4 5 6 8 9 10 | 10.0
Ranged Weapons | 4 6 9 10 | 10.2
Fighting       | 6 8 10 | 10.5
Armour         | 4 5 |  5.9
Dodging        | |  2.1

Action                     |  1- 3 |  4- 6 |  7- 9 | 10-12 || total
---------------------------+-------+-------+-------+-------++-------
  Melee: Hand axe          |    35 |   109 |   262 |       ||   406
         Headbutt          |     7 |    18 |    64 |     7 ||    96
         Punch             |       |     2 |     6 |       ||     8
         Sling             |       |     1 |       |       ||     1
         War axe           |       |       |    19 |    28 ||    47
   Fire: Sling             |    34 |    67 |    88 |     3 ||   192
 Invoke: Berserk           |       |     2 |     7 |     1 ||    10
         Trog's Hand       |       |     1 |     2 |     3 ||     6
         Brothers in Arms  |       |       |       |     1 ||     1
 Armour: Leather armour    |    10 |       |       |       ||    10
         Scale mail        |       |     9 |       |       ||     9
         Chain mail        |       |    64 |   130 |    33 ||   227
  Dodge: Dodged            |    20 |    62 |   123 |    33 ||   238

Table legend: (Time is in decaauts)
 A = Elapsed time spent in this place.
 B = Non-inter-level travel time spent in this place.
 C = Inter-level travel time spent in this place.
 D = Time resting spent in this place.
 E = Time spent auto-exploring this place.
 F = Levels seen in this place.
 G = Mean time per level.
                   A        B        C        D        E       F      G
               +--------+--------+--------+--------+--------+-----+--------+
         Total |   6587 |   6437 |    150 |    871 |   3949 |   9 |  731.9 |
       Dungeon |   6171 |   6021 |    150 |    794 |   3771 |   7 |  881.6 |
       Ossuary |    266 |    266 |      0 |     46 |    140 |   1 |  266.0 |
        Bailey |    149 |    149 |      0 |     31 |     37 |   1 |  149.0 |
               +--------+--------+--------+--------+--------+-----+--------+

Top non-repeatable levels by time:
     D:6: 1316 daAuts
     D:2: 1061 daAuts
     D:4: 1010 daAuts
     D:3: 948 daAuts
     D:5: 807 daAuts
     D:1: 773 daAuts
 Ossuary: 266 daAuts
     D:7: 253 daAuts
  Bailey: 149 daAuts
